 Dungeon Crawl Stone Soup version 0.25-a0-578-gc91f01c39c (webtiles) character file.

Game seed: 7205522401989723391, levelgen mode: deterministic

83 drasked the Chopper (level 4, -1/41 HPs)
             Began as a Hill Orc Monk on Mar 5, 2020.
             Slain by an adder (2 damage)
             ... on level 3 of the Dungeon.
             The game lasted 00:03:52 (2554 turns).

drasked the Chopper (Hill Orc Monk)                 Turns: 2554, Time: 00:03:53

Health: -1/41      AC:  6    Str: 13    XL:     4   Next: 44%
Magic:  4/4        EV:  7    Int: 11    God:
Gold:   194        SH:  7    Dex: 13    Spells: 3/3 levels left

rFire    . . .     SeeInvis .   a - +0 hand axe
rCold    . . .     Gourm    .   x - +0 kite shield
rNeg     . . .     Faith    .   n - +0 scale mail
rPois    .         Spirit   .   (no helmet)
rElec    .         Reflect  .   (no cloak)
rCorr    .         Harm     .   (no gloves)
MR       .....                  (no boots)
Stlth    ..........             (no amulet)
HPRegen  0.13/turn              (no ring)
MPRegen  0.09/turn              (no ring)

@: lethally poisoned (-1 -> -4)
A: no striking features
a: no special abilities


You were on level 3 of the Dungeon.
You were not hungry.

You visited 1 branch of the dungeon, and saw 3 of its levels.

You collected 194 gold pieces.

Inventory:

Hand Weapons
 a - a +0 hand axe (weapon)
Missiles
 i - 4 curare-tipped darts
 v - 30 poisoned darts
 Q - 108 stones (quivered)
Armour
 n - a +0 scale mail (worn)
   (You found it on level 1 of the Dungeon)
 x - a +0 kite shield (worn)
   (You found it on level 2 of the Dungeon)
Scrolls
 d - 2 scrolls of identify {unknown}
 f - 2 scrolls of enchant armour {unknown}
 k - 2 scrolls of fear {unknown}
 l - a scroll of magic mapping {unknown}
 m - a scroll of blinking {unknown}
 r - a scroll of fog {unknown}
 t - a scroll of enchant weapon {unknown}
 u - a scroll of remove curse {unknown}
Potions
 b - 4 potions of curing {unknown}
 c - a potion of mutation {unknown}
 g - a potion of lignification {unknown}
 h - a potion of invisibility {unknown}
 j - 2 potions of brilliance {unknown}
 o - a potion of haste {unknown}
 q - a potion of heal wounds {unknown}
 s - a potion of berserk rage {unknown}
 w - 2 potions of cancellation
Comestibles
 e - 5 rations
 p - 3 chunks of flesh {@w0}


   Skills:
 + Level 4.3 Fighting
 * Level 5.6 Axes
 + Level 1.8 Armour
 - Level 2.4 Dodging
 - Level 1.5 Stealth
 + Level 0.1 Shields


You had 3 spell levels left.
You didn't know any spells.
Your spell library was empty.

Dungeon Overview and Level Annotations

Branches:
Dungeon (3/15)

Altars:


Message History

Q - 104 stones (gained 1)
Q - 106 stones (gained 2)
You see here a +0 dagger.
Q - 108 stones (gained 2)
Q - 109 stones (gained 1)
A goblin comes into view. It is wielding a +0 dagger.
You see here 2 stones.
A goblin is nearby!
A goblin is nearby!
A goblin is nearby!
A goblin is nearby!
Throwing (i - inventory. (/) - cycle)
Q - 109 stones (quivered)
Aim: a goblin, wielding a +0 dagger and quivering 18 stones (hasn't noticed you)
You throw a stone. The goblin shouts!
The stone hits the goblin but does no damage.
You hear a shout!
The goblin unwields a +0 dagger.
The goblin wields a +0 hunting sling.
The goblin shoots a stone.
You block the stone.
Throwing (i - inventory. (/) - cycle)
Q - 108 stones (quivered)
Aim: a goblin, wielding a +0 hunting sling and quivering 17 stones You throw a stone.
The stone closely misses the goblin.
The goblin shoots a stone.
You block the stone.
Throwing (i - inventory. (/) - cycle)
Q - 107 stones (quivered)
Aim: a goblin, wielding a +0 hunting sling and quivering 16 stones You throw a stone.
The stone closely misses the goblin.
The goblin shoots a stone.
You block the stone.
Throwing (i - inventory. (/) - cycle)
Q - 106 stones (quivered)
Aim: a goblin, wielding a +0 hunting sling and quivering 15 stones You throw a stone.
The stone barely misses the goblin.
The goblin shoots a stone.
The stone hits you but does no damage.
Throwing (i - inventory. (/) - cycle)
Q - 105 stones (quivered)
Aim: a goblin, wielding a +0 hunting sling and quivering 14 stones You throw a stone.
The stone hits the goblin.
The goblin shoots a stone.
The stone hits you but does no damage.
Throwing (i - inventory. (/) - cycle)
Q - 104 stones (quivered)
Aim: a goblin, wielding a +0 hunting sling and quivering 13 stones (severely wounded)
You throw a stone. The stone hits the goblin.
You kill the goblin!
No target in view!
No target in view!
Q - 109 stones (gained 6)
k - 2 scrolls labeled JUCKES NOMOA (gained 1)
A gnoll comes into view. It is wielding a +2 whip of flaming.
The gnoll shouts!
A gnoll comes into view. It is wielding a +0 spear.
Throwing (i - inventory. (/) - cycle)
Q - 109 stones (quivered)
Aim: a gnoll, wielding a +0 spear (hasn't noticed you)
You throw a stone. The gnoll shouts!
The stone hits the gnoll but does no damage.
A gnoll comes into view. It is wielding a +0 halberd.
You see here a +0 dagger.
An adder comes into view.
The adder hisses angrily.
Things that are here:
a +0 short sword; a kobold corpse You block the adder's attack.
You hit the adder but do no damage. The adder bites you. x2
You barely miss the adder. The adder bites you but does no damage.
You closely miss the adder. The adder bites you.
You hit the adder. You block the adder's attack.
The gnoll hits you from afar with a +0 spear.
The adder bites you but does no damage.
The gnoll hits you from afar with a +0 spear!
Your shield prevents you from hitting the adder.
You block the adder's attack.
A gnoll comes into view.
The gnoll barely misses you. You block the adder's attack.
You hit the adder. The adder bites you but does no damage.
The gnoll barely misses you.
You miss the adder. The adder bites you.
* * * LOW HITPOINT WARNING * * *
You block the gnoll's attack.
You closely miss the adder. The adder closely misses you.
The gnoll hits you from afar with a +0 spear.
* * * LOW HITPOINT WARNING * * *
The adder bites you.
* * * LOW HITPOINT WARNING * * *
You miss the adder. The adder bites you.
* * * LOW HITPOINT WARNING * * *
You are poisoned.
The adder poisons you!
The gnoll hits you from afar with a +0 spear.
* * * LOW HITPOINT WARNING * * *
You hit the adder but do no damage.
You feel sick. The adder bites you but does no damage.
The gnoll hits you but does no damage. The adder barely misses you.
You completely miss the adder.
You feel sick.
The gnoll hits you from afar with a +0 spear.
* * * LOW HITPOINT WARNING * * *
The adder bites you.
* * * LOW HITPOINT WARNING * * *
You block the gnoll's attack.
You hit the adder. You block the adder's attack. The adder barely misses you.
The gnoll hits you from afar with a +0 spear.
* * * LOW HITPOINT WARNING * * *
It was a potion of cancellation.
You feel magically purged. The adder bites you.
You die...

.... . ..# ##... g. #.# $... g.
#.# #.)###.# ## #.# #.....
.#######>#### #.####...#
............# .........##
..######.##.#
#.#####...########.#######....#
.........ggg)@S<(............#
.#####.#.#######.####.#####.##
#....# ##.## #.# #.# #..#.$#
#...###.# #.# ##. .(#
#.###.##.# #.# ##....#.# ##.#.#
#.# ..... #.#.#####.# ...#.#
##.........#
#.###.###....#######


You could see 3 gnolls and an adder.

Levels and vault maps discovered:
D:1:      sevenhm_arrival_forest_fort_large_1, layout_loops_ring
D:2:      layout_loops_ring, minmay_goblin_kobold_house
D:3:      layout_loops_ring, first_ration

Notes
Turn   | Place    | Note
-------+----------+-------------------------------------------
     0 | D:1      | drasked the Hill Orc Monk began the quest for the Orb.
     0 | D:1      | Reached XP level 1. HP: 19/19 MP: 1/1
   172 | D:1      | Identified a +0 club
   204 | D:1      | Identified a +0 scale mail (You found it on level 1 of the
                  | Dungeon)
   288 | D:1      | Reached XP level 2. HP: 27/27 MP: 2/2
   352 | D:1      | Identified a +0 ring mail
   354 | D:1      | Identified a +0 club
   422 | D:1      | Identified a +0 dagger
   428 | D:1      | Reached skill level 1 in Armour
   773 | D:1      | Reached skill level 4 in Fighting
   872 | D:1      | Reached XP level 3. HP: 33/33 MP: 3/3
  1240 | D:2      | Identified a +0 club
  1244 | D:2      | Reached skill level 5 in Axes
  1291 | D:2      | Identified a +0 short sword
  1291 | D:2      | Identified an uncursed ring of ice
  1308 | D:2      | Identified a cursed -3 club
  1312 | D:2      | Identified a +0 dagger
  1316 | D:2      | Identified a +0 club
  1317 | D:2      | Identified a +0 club
  1317 | D:2      | Identified a +0 robe
  1324 | D:2      | Identified a +0 whip
  1445 | D:2      | Identified a cursed +0 hunting sling
  1585 | D:2      | Identified a +0 club
  1693 | D:2      | Identified a +0 club
  1826 | D:2      | Reached XP level 4. HP: 40/40 MP: 4/4
  1850 | D:2      | Identified a +0 club
  2046 | D:2      | Identified a +0 club
  2149 | D:2      | Identified a +0 kite shield (You found it on level 2 of the
                  | Dungeon)
  2150 | D:2      | Identified a ring of fire (You found it on level 2 of the
                  | Dungeon)
  2245 | D:3      | Identified a +0 club
  2493 | D:3      | Identified a +0 dagger
  2496 | D:3      | Identified a +0 short sword
  2522 | D:3      | Identified a +0 dagger
  2522 | D:3      | Identified a +0 hunting sling
  2533 | D:3      | Identified a +2 whip of flaming
  2533 | D:3      | Identified a +0 spear
  2534 | D:3      | Identified a +0 halberd
  2552 | D:3      | HP: 7/41 [gnoll/+0 spear (4)]
  2553 | D:3      | HP: 1/41 [gnoll/+0 spear (5)]
  2554 | D:3      | Identified 3 potions of cancellation
  2554 | D:3      | Slain by an adder

Table legend:
 A = Turns spent in this place as a percentage of turns spent in the entire game.
 B = Non-inter-level travel turns spent in this place as a percentage of non-inter-level travel turns spent in the entire game.
 C = Inter-level travel turns spent in this place as a percentage of turns spent in this place.
 D = Turns resting spent in this place as a percentage of non-inter-level travel turns spent in this place.
 E = Turns spent auto-exploring this place as a percentage of non-inter-level travel turns spent in this place.
 F = Non-inter-level travel turns spent in this place divided by the number of levels of this place that you've seen.
                   A       B       C       D       E      F
               +-------+-------+-------+-------+-------+----------------------
         Total | 100.0 | 100.0 |   4.6 |  16.9 |  64.2 | 812.0
       Dungeon | 100.0 | 100.0 |   4.6 |  16.9 |  64.2 | 812.0
               +-------+-------+-------+-------+-------+----------------------

Table legend:
 A = Kills in this place as a percentage of kills in entire the game.
 B = Kills by you in this place as a percentage of kills by you in the entire game.
 C = Kills by friends in this place as a percentage of kills by friends in the entire game.
 D = Other kills in this place as a percentage of other kills in the entire game.
 E = Experience gained in this place as a percentage of experience gained in the entire game.
 F = Experience gained in this place divided by the number of levels of this place that you have seen.
                   A       B       C       D       E      F
               +-------+-------+-------+-------+-------+----------------------
         Total | 100.0 | 100.0 |   N/A |   N/A | 100.0 |  39.7
       Dungeon | 100.0 | 100.0 |   N/A |   N/A | 100.0 |  39.7
               +-------+-------+-------+-------+-------+----------------------

Skill      XL: |  1  2  3 |
---------------+----------+-----
Armour         | 1 |  1.8
Fighting       | 4 |  4.3
Axes           | 5 |  5.6
Dodging        | |  2.4
Stealth        | |  1.5
Shields        | |  0.1

Action                   |  1- 3 |  4- 6 || total
-------------------------+-------+-------++-------
Melee: Hand axe          |   124 |    64 ||   188
Throw: Stone             |    80 |    45 ||   125
       Dart              |     3 |       ||     3
  Use: Potion            |       |     1 ||     1
  Eat: Chunk             |     3 |     2 ||     5
Armor: Robe              |     1 |       ||     1
       Scale mail        |    52 |    27 ||    79
Dodge: Dodged            |    65 |    28 ||    93
Block: Kite shield       |       |    19 ||    19

Vanquished Creatures
  An adder (D:2)
  2 worms
  A dart slug (D:1)
  9 bats
  3 giant cockroaches
  7 goblins
  12 hobgoblins
  3 jackals (D:1)
  10 kobolds
  7 frilled lizards
  7 rats
62 creatures vanquished.
